 Dungeon Crawl Stone Soup version 0.23.2-40-g277498a (webtiles) character file.

Game seed: 7419526442173840681

11052 zhovat1 the Covert (level 11, -2/58 HPs)
             Began as a Spriggan Enchanter on Aug 13, 2019.
             Was a High Priest of Okawaru.
             Impaled on a porcupine's spines (7 damage)
             ... on level 11 of the Dungeon.
             The game lasted 00:24:16 (14443 turns).

zhovat1 the Covert (Spriggan Enchanter)            Turns: 14443, Time: 00:24:17

Health: -2/58      AC:  6    Str:  4    XL:     11   Next: 44%
Magic:  9/24       EV: 25    Int: 19    God:    Okawaru [*****.]
Gold:   783        SH:  4    Dex: 18    Spells: 21/27 levels left

rFire    . . .     SeeInvis +   a - +3 dagger
rCold    . . .     Gourm    .   (shield restricted)
rNeg     . . .     Faith    .   m - +2 robe {MR+}
rPois    .         Spirit   .   (helmet restricted)
rElec    .         Reflect  +   y - +1 cloak
rCorr    .         Harm     .   (gloves unavailable)
MR       +++..                  (boots unavailable)
Stlth    +++++.....             n - +4 amulet of reflection
HPRegen  0.19/turn              g - ring of protection from magic
MPRegen  0.19/turn              (no ring)

@: very quick
A: very small, unfitting armour, see invisible, herbivore, speed 3, slow
metabolism 2
a: Heroism, Finesse, Renounce Religion


You were on level 11 of the Dungeon.
You worshipped Okawaru.
Okawaru was extremely pleased with you.
You were hungry.

You visited 2 branches of the dungeon, and saw 12 of its levels.

You collected 783 gold pieces.

Inventory:

Hand Weapons
 a - a +3 dagger (weapon)
Armour
 m - a +2 robe of magic resistance (worn)
 y - a +1 cloak (worn)
Jewellery
 g - a ring of protection from magic (left hand)
 n - a +4 amulet of reflection (around neck)
 z - an uncursed amulet of the acrobat {unknown}
Wands
 b - a wand of iceblast (7)
 s - a wand of acid (14)
 t - a wand of scattershot (2)
 u - a wand of polymorph (9)
 v - a wand of disintegration (11)
Scrolls
 e - 2 scrolls of enchant armour
 f - 9 scrolls of teleportation
 i - 2 scrolls of amnesia
 k - 2 scrolls of fear
 o - 5 scrolls of remove curse
 r - a scroll of fog
Potions
 c - a potion of magic {unknown}
 h - a potion of haste
 j - 5 potions of brilliance
 l - a potion of agility {unknown}
 p - 3 potions of lignification
 q - a potion of heal wounds {unknown}
 w - 2 potions of ambrosia
 x - a potion of mutation {unknown}
 A - a potion of curing
Comestibles
 d - 15 rations


   Skills:
 * Level 7.1 Fighting
 + Level 8.1 Short Blades
 + Level 9.2 Dodging
 + Level 11.9 Stealth
 + Level 8.5 Spellcasting
 + Level 9.0 Hexes
 + Level 3.2 Invocations
 + Level 4.3 Evocations


You had 21 spell levels left.
You knew the following spells:

 Your Spells              Type           Power        Failure   Level  Hunger
a - Corona                Hex            #####..      1%          1    None
b - Ensorcelled Hibernat  Hex/Ice        ####..       1%          2    None
c - Confuse               Hex            #####...     1%          3    None

Your spell library contained the following spells:

 Spells                   Type           Power        Failure   Level  Hunger
 Tukima's Dance           Hex            #####...     1%          3    None
 Cause Fear               Hex            #####.....   1%          4    ###....
 Dazzling Spray           Conj/Hex       ####..       4%          3    None
 Silence                  Hex/Air        ####......   36%         5    #####..
 Yara's Violent Unravell  Hex/Tmut       ####......   36%         5    #####..
 Bolt of Magma            Conj/Fire/Erth #.........   94%         5    #####..
 Iskenderun's Battlesphe  Conj/Chrm      #.......     94%         5    #####..
 Venom Bolt               Conj/Pois      #.........   94%         5    #####..
 Deflect Missiles         Chrm/Air       #.........   100%        6    ######.
 Iron Shot                Conj/Erth      #.........   100%        6    ######.
 Orb of Destruction       Conj           #.........   100%        7    #######
 Spellforged Servitor     Conj/Summ      #.........   100%        7    #######
 Discord                  Hex            #####.....   100%        8    #######


Dungeon Overview and Level Annotations

Branches:
Dungeon (11/15)            Temple (1/1) D:7
   Lair: D:8-11         Orc: D:9-12

Altars:
Ashenzari
Cheibriados
Dithmenos
Elyvilon
Fedhas
Gozag
Hepliaklqana
Kikubaaqudgha
Makhleb
Nemelex Xobeh
Okawaru
Qazlal
Ru
Sif Muna
Uskayaw
Vehumet
Wu Jian
Xom
Yredelemnul
Zin
The Shining One
Beogh

Shops:
D:10 *!*

Portals:
Trove: D:10 (give 5 potions of resistance)

Annotations:
D:4 3 runed translucent doors, nonames's ghost, amateur TrMo
D:5 3 runed translucent doors, Aphrodieselac's ghost, amateur MfSk


Innate Abilities, Weirdness & Mutations

You are very small and have problems with some larger weapons.
You are too small for most types of armour.
You have supernaturally acute eyesight. (SInv)
You are a herbivore.
You cover ground extremely quickly.
You need to consume almost no food.


Message History

The porcupine resists with significant effort.
The porcupine barely misses you. The porcupine completely misses you.
Casting: Ensorcelled Hibernation (safe; 1% risk of failure)
Confirm with . or Enter, or press ? or * to list all spells.
Aiming: Ensorcelled Hibernation (safe; 1% risk of failure)
Press: ? - help, Shift-Dir - straight line, f/p - porcupine
Aim: a porcupine (chance to defeat MR: 54%)
The porcupine resists with significant effort.
The porcupine misses you. The porcupine bites you!
* * * LOW HITPOINT WARNING * * *
The porcupine misses you.
Casting: Ensorcelled Hibernation (safe; 1% risk of failure)
Confirm with . or Enter, or press ? or * to list all spells.
Aiming: Ensorcelled Hibernation (safe; 1% risk of failure)
Press: ? - help, Shift-Dir - straight line, f/p - porcupine
Aim: a porcupine (chance to defeat MR: 54%)
The porcupine looks drowsy...
The porcupine bites you.
* * * LOW HITPOINT WARNING * * *
You are struck by the porcupine's spines.
You die...

#.........#))#
#.........#.(#
#.........#..# .......#
#.........#..# .......#
#.........#..#
#...(.#######.........#(.#
#.....................#(.#
#.............r....)..#))#
##......(......r@......'.(#
...............†.......#..#
.[K..K.................#..#
..).H..................#..#
..#####................#..#
### ########.........#..#
#.........#..#
#.........#..#
#.........####


You could see 2 porcupines.

Vanquished Creatures
  3 two-headed ogres
  Pikel (D:4)
  An ugly thing (D:10)
  A manticore (D:11)
  3 centaur zombies (D:10)
  Joseph (D:7)
  Prince Ribbit (D:8)
  2 trolls
  2 hippogriffs (D:10)
  Sigmund (D:2)
  A hungry ghost (D:9)
  A water moccasin (D:8)
  2 ice beasts
  3 sky beasts
  A black bear (D:10)
  3 orc warriors
  3 phantoms
  2 slaves (D:4)
  An eye of draining (D:10)
  3 necrophages
  5 ogres
  5 centaurs
  2 big kobolds
  An elf zombie (D:7)
  2 bullfrogs
  3 scorpions
  A troll zombie (D:7)
  9 killer bees
  2 wights
  5 howler monkeys
  3 crimson imps
  2 quasits (D:10)
  7 hounds
  3 human zombies (D:7)
  A bullfrog zombie (D:6)
  8 orc priests
  3 jellies
  12 orc wizards
  2 bullfrog skeletons
  2 centaur skeletons
  Jessica (D:2)
  Natasha (twice) (D:2)
  8 iguanas
  6 worker ants
  A killer bee zombie (D:5)
  A hound zombie (D:8)
  3 mummies (D:7)
  7 gnolls
  7 adders
  3 shadow imps
  3 oozes
  An adder zombie (D:8)
  2 adder skeletons (D:6)
  2 worms
  2 dart slugs
  2 leopard geckos
  30 orcs
  2 ball pythons
  6 bats
  8 giant cockroaches
  9 hobgoblins
  16 jackals
  14 kobolds
  7 quokkas
  5 frilled lizards
  3 goblins
  A jackal skeleton (D:4)
  A jackal zombie (D:3)
  A leopard gecko zombie (D:6)
  An orc skeleton (D:7)
  2 quokka zombies
  3 rats (D:1)
274 creatures vanquished.

Vanquished Creatures (others)
  4 fungi (D:11)
  A plant (D:11)
5 creatures vanquished.

Grand Total: 279 creatures vanquished

Notes
Turn   | Place    | Note
-------+----------+-------------------------------------------
     0 | D:1      | zhovat1 the Spriggan Enchanter began the quest for the Orb.
     0 | D:1      | Reached XP level 1. HP: 9/9 MP: 5/5
     0 | D:1      | Noticed a human
     0 | D:1      | Noticed an ogre
     1 | D:1      | Noticed a formicid
     3 | D:1      | Noticed a minotaur
     5 | D:1      | Noticed a ghoul
     6 | D:1      | Noticed an octopode
     8 | D:1      | Noticed a formicid
    10 | D:1      | Noticed a troll
    10 | D:1      | Noticed a vine stalker
    12 | D:1      | Noticed a vampire
    12 | D:1      | Noticed an octopode
    16 | D:1      | Noticed a ghoul
    16 | D:1      | Noticed a human
    18 | D:1      | Noticed a dwarf
    20 | D:1      | Noticed a draconian
   638 | D:1      | Reached XP level 2. HP: 13/13 MP: 6/6
   653 | D:1      | Learned a level 2 spell: Ensorcelled Hibernation
  1024 | D:1      | Reached skill level 5 in Stealth
  1646 | D:2      | Noticed Natasha
  1653 | D:2      | Noticed a crimson imp
  1656 | D:2      | Noticed a crimson imp
  1685 | D:2      | Reached XP level 3. HP: 15/16 MP: 8/8
  2335 | D:2      | Noticed Jessica
  2347 | D:2      | Killed Jessica
  2347 | D:2      | Reached XP level 4. HP: 21/21 MP: 0/10
  2407 | D:2      | Found a white marble altar of Elyvilon.
  2485 | D:2      | Noticed Sigmund
  2492 | D:2      | Killed Sigmund
  2492 | D:2      | Reached skill level 6 in Stealth
  2492 | D:2      | Reached XP level 5. HP: 24/24 MP: 11/11
  2611 | D:2      | Killed Natasha
  2611 | D:2      | Reached skill level 7 in Stealth
  2624 | D:2      | Noticed Natasha
  2631 | D:2      | Killed Natasha
  2631 | D:2      | Reached XP level 6. HP: 28/28 MP: 7/13
  3536 | D:3      | Learned a level 3 spell: Confuse
  3713 | D:3      | Found a shattered altar of Ashenzari.
  4409 | D:4      | Reached skill level 5 in Hexes
  4448 | D:4      | Reached XP level 7. HP: 32/32 MP: 11/14
  4482 | D:4      | Reached skill level 8 in Stealth
  4555 | D:4      | Reached skill level 1 in Fighting
  4651 | D:4      | Noticed Pikel
  4855 | D:4      | Found a sparkling altar of Nemelex Xobeh.
  4943 | D:4      | Found a hazy altar of Hepliaklqana.
  4946 | D:4      | Found a runed translucent gate.
  4946 | D:4      | Found a runed translucent gate.
  4947 | D:4      | Found a runed translucent gate.
  4949 | D:4      | Noticed nonames's ghost (amateur TrMo)
  4985 | D:4      | Reached skill level 5 in Short Blades
  5435 | D:5      | Entered Level 5 of the Dungeon
  5543 | D:5      | Reached skill level 5 in Spellcasting
  5779 | D:5      | Reached XP level 8. HP: 31/39 MP: 13/16
  5899 | D:4      | Killed Pikel
  5899 | D:4      | Reached skill level 5 in Dodging
  5899 | D:4      | Reached skill level 9 in Stealth
  6000 | D:5      | Found a runed translucent gate.
  6000 | D:5      | Found a runed translucent gate.
  6000 | D:5      | Found a runed translucent gate.
  6002 | D:5      | Noticed Aphrodieselac's ghost (amateur MfSk)
  6002 | D:5      | Identified the +1 whip of Caerekkokka {flame, MR- Int+2
                  | Dex+6}
  6007 | D:5      | Found a roughly hewn altar of Beogh.
  6335 | D:5      | Found an opulent altar of Gozag.
  6336 | D:5      | Found a shimmering altar of Xom.
  6800 | D:6      | Found the +9 scales of the Dragon King {rPois rF+ rC+ MR+}
  6855 | D:6      | Reached XP level 9. HP: 45/45 MP: 11/19
  8063 | D:7      | Found a staircase to the Ecumenical Temple.
  8095 | Temple   | Entered the Ecumenical Temple
  8349 | Temple   | Became a worshipper of Warmaster Okawaru
  8608 | D:7      | Reached skill level 10 in Stealth
  8611 | D:7      | Noticed Joseph
  8619 | D:7      | Killed Joseph
  8677 | D:7      | Reached * piety under Okawaru
  8677 | D:7      | Reached skill level 5 in Fighting
  8942 | D:7      | Found a basalt altar of Yredelemnul.
  9158 | D:7      | Reached XP level 10. HP: 43/50 MP: 2/21
  9436 | D:7      | HP: 1/50 [orc warrior/+0 trident (15)]
  9451 | D:7      | HP: 1/51 [orc warrior/+0 trident (8)]
  9872 | D:8      | Noticed Prince Ribbit
  9891 | D:8      | Killed Prince Ribbit
  9891 | D:8      | Reached ** piety under Okawaru
 10037 | D:8      | Found a blossoming altar of Fedhas.
 10566 | D:8      | Found a sacrificial altar of Ru.
 10697 | D:9      | Reached skill level 1 in Evocations
 10928 | D:9      | Reached skill level 1 in Invocations
 11116 | D:9      | Reached skill level 11 in Stealth
 11218 | D:9      | Found a glowing silver altar of Zin.
 11948 | D:10     | Entered Level 10 of the Dungeon
 12063 | D:10     | Found Niwaihaop's Assorted Antiques.
 12106 | D:10     | Reached *** piety under Okawaru
 12220 | D:10     | Noticed a purple ugly thing
 12229 | D:10     | Killed a purple ugly thing
 12304 | D:10     | Found Paufedo's Distillery.
 12406 | D:10     | Found a portal to a secret trove of treasure.
 12522 | D:10     | Noticed a two-headed ogre
 12524 | D:10     | Noticed a two-headed ogre
 12526 | D:10     | Killed a two-headed ogre
 12526 | D:10     | Reached **** piety under Okawaru
 12534 | D:10     | Killed a two-headed ogre
 12534 | D:10     | Reached XP level 11. HP: 58/58 MP: 17/24
 12754 | D:10     | Found Coagatie's General Store.
 13791 | D:10     | Reached ***** piety under Okawaru
 14007 | D:11     | Noticed a two-headed ogre
 14030 | D:11     | Killed a two-headed ogre
 14443 | D:11     | Impaled on a porcupine's spines

Skill      XL: |  1  2  3  4  5  6  7  8  9 10 11 |
---------------+----------------------------------+-----
Stealth        | 5 6 7 8 9 10 11 | 11.9
Spellcasting   | 3 4 5 6 7 8 |  8.5
Short Blades   | 2 3 4 5 6 7 8 |  8.1
Hexes          | 4 5 6 7 8 9 |  9.0
Fighting       | 2 3 5 6 7 |  7.1
Dodging        | 4 5 7 8 9 |  9.2
Evocations     | 3 4 |  4.3
Invocations    | 2 3 |  3.2

Action                   |  1- 3 |  4- 6 |  7- 9 | 10-12 || total
-------------------------+-------+-------+-------+-------++-------
Melee: Dagger            |   108 |   129 |   409 |   428 ||  1074
 Cast: Corona            |     3 |       |       |       ||     3
       Ensorcelled Hiber |     4 |    22 |    98 |    97 ||   221
       Confuse           |       |     1 |    10 |    33 ||    44
  Use: Scroll            |     7 |     5 |     6 |     1 ||    19
       Potion            |       |       |     2 |     1 ||     3
 Stab: Sleeping          |    10 |    22 |    66 |    54 ||   152
       Confused          |       |     1 |     8 |    18 ||    27
       Distracted        |       |       |     1 |       ||     1
       Paralysed         |       |       |       |     1 ||     1
  Eat: Ration            |       |     1 |     3 |     3 ||     7
Armor: Robe              |     9 |    12 |    30 |    35 ||    86
Dodge: Dodged            |    91 |    84 |   302 |   343 ||   820
Block: Other             |       |       |    59 |    76 ||   135
       Reflection        |       |       |     6 |     5 ||    11
